 Dungeon Crawl Stone Soup version 0.30.0-10-gfe55d96785 (webtiles) character file.

Game seed: 182150878672227520

19682 joshe the Thaumaturge (level 12, -19/53 HPs)
             Began as a Deep Elf Conjurer on May 16, 2023.
             Was a High Priest of Hepliaklqana.
             Demolished by a skyshark (24 damage)
             ... on level 4 of the Lair of Beasts.
             The game lasted 01:25:14 (14955 turns).

joshe the Thaumaturge (Deep Elf Conjurer)          Turns: 14955, Time: 01:25:14

Health: -19/53     AC:  7    Str:  4    XL:     12   Next: 38%
Magic:  20/31      EV: 17    Int: 27    God:    Hepliaklqana [*****.]
Gold:   663        SH:  0    Dex: 21    Spells: 26/37 levels left

rFire   + . .        K - +7 sling of Strategic Superiority {flame, rC+ Stlth+}
rCold   + . .        (no shield)
rNeg    . . .        Q - +3 leather armour of Fiufut {Rampage rF+ Slay+6 Stlth+}
rPois   +            (no helmet)
rElec   .            t - scarf {repulsion}
rCorr   .            G - +0 pair of gloves
SInv    .            (no boots)
Will    +....        (no amulet)
Stlth   +++++        N - +6 ring of dexterity
HPRegen 0.28/turn    i - ring of poison resistance
MPRegen 0.22/turn

%: repel missiles, rampage
@: no status effects
A: reduced essence
a: Renounce Religion, Recall Ancestor, Ancestor Identity, Transference, Idealise


You were on level 4 of the Lair of Beasts.
You worshipped Hepliaklqana.
Hepliaklqana was extremely pleased with you.
You visited 3 branches of the dungeon, and saw 15 of its levels.
You also visited: Sewer and Ossuary.

You collected 663 gold pieces.

Inventory:

Hand Weapons
 k - a +6 short sword of venom
 K - the +7 sling of Strategic Superiority (weapon) {flame, rC+ Stlth+}
   (You took it off an orc on level 8 of the Dungeon)

   rC:        It protects you from cold.
   Stlth:     It makes you more stealthy.
Armour
 q - a scarf of shadows
 t - a scarf of repulsion (worn)
 G - a +0 pair of gloves (worn)
 O - a +1 robe of cold resistance
 P - a +1 cloak
 Q - the +3 leather armour of Fiufut (worn) {Rampage rF+ Slay+6 Stlth+}
   (You found it on level 1 of the Lair of Beasts)

   Slay:      It affects your accuracy & damage with ranged weapons and melee
   (+6).
   rF:        It protects you from fire.
   Rampage:   It bestows one free step when moving towards enemies.
   Stlth:     It makes you more stealthy.
Jewellery
 a - a ring of wizardry
 i - a ring of poison resistance (right hand)
 B - a ring of protection from fire
 N - a +6 ring of dexterity (left hand)
Wands
 c - a wand of roots (8)
 r - a wand of mindburst (16)
 I - a wand of light (5)
 J - a wand of flame (13)
 S - a wand of paralysis (5)
Scrolls
 e - 3 scrolls of enchant weapon {unknown}
 g - 6 scrolls of teleportation
 j - 3 scrolls of amnesia
 l - a scroll of magic mapping {unknown}
 n - a scroll of acquirement {unknown}
 o - a scroll of torment {unknown}
 s - a scroll of immolation {unknown}
 w - 4 scrolls of vulnerability {unknown}
 y - 2 scrolls of fog {unknown}
 z - a scroll of butterflies {unknown}
 A - 3 scrolls of enchant armour {unknown}
 D - 3 scrolls of noise {unknown}
 E - 3 scrolls of fear {unknown}
 H - a scroll of poison {unknown}
Potions
 b - 2 potions of magic
 d - 5 potions of lignification
 f - 4 potions of heal wounds
 h - 10 potions of might
 m - 6 potions of resistance
 p - 6 potions of curing
 u - 3 potions of mutation
 v - 3 potions of brilliance {unknown}
 x - 2 potions of invisibility
 C - 3 potions of cancellation
 F - a potion of haste {unknown}
 L - 10 potions of ambrosia
 M - 2 potions of berserk rage {unknown}
 R - a potion of flight {unknown}


   Skills:
 + Level 11.9 Ranged Weapons
 - Level 3.0 Armour
 - Level 10.0 Dodging
 - Level 4.0 Stealth
 - Level 13.3 Spellcasting
 - Level 8.0 Conjurations
 - Level 10.0 Hexes
 - Level 6.0 Translocations
 - Level 5.0 Invocations
 - Level 4.0 Evocations


You had 26 spell levels left.
You knew the following spells:

 Your Spells              Type           Power      Damage    Failure   Level
a - Magic Dart            Conj           100%       1d8       1%          1
b - Searing Ray           Conj           100%       2d8       1%          2
c - Fulminant Prism       Conj/Hex       30%        3d15      1%          4
d - Iskenderun's Mystic   Conj/Tloc      54%        2d12      3%          4

Your spell library contained the following spells:

 Spells                   Type           Power      Damage    Failure   Level
 Dazzling Flash           Conj/Hex       100%       N/A       1%          3


Dungeon Overview and Level Annotations

Branches:
Dungeon (9/15)             Temple (1/1) D:5            Lair (5/5) D:9
 Shoals (0/4) Lair:3        Snake (0/4) Lair:2        Slime (0/5) Lair:5
  Sewer (visited)         Ossuary (visited)
    Orc: D:9-12

Altars:
Ashenzari
Cheibriados
Dithmenos
Elyvilon
Fedhas
Gozag
Hepliaklqana
Kikubaaqudgha
Nemelex Xobeh
Okawaru
Qazlal
Ru
Sif Muna
Uskayaw
Vehumet
Wu Jian
Xom
Yredelemnul
Zin
The Shining One
Jiyva

Shops:
D:2 [   D:8 (

Annotations:
Lair:3 1 runed translucent door, Edyrem's ghost, journeyman KoGl


Message History

Octavia hits the skyshark with a +0 flail!
Casting: Iskenderun's Mystic Blast (dangerous; 3% risk of failure)
Confirm with . or Enter, or press ? or * to list all spells.
Aiming: Searing Ray (safe; 1% risk of failure)
Press: ? - help, Shift-Dir - straight line, f/p - skyshark
Aim: a skyshark (heavily wounded, ally target, 87% to hit)
The searing ray hits the skyshark!
The skyshark is heavily wounded. (Press . to maintain the ray.)
The skyshark closely misses you. The skyshark tail-slaps you.
The skyshark barely misses you.
The searing ray hits the skyshark.
The skyshark is severely wounded.
Octavia barely misses the skyshark.
The skyshark bites you!
The skyshark tastes blood and grows stronger!
The skyshark closely misses you. The skyshark tail-slaps you!
Unknown command.
Casting: Searing Ray (safe; 1% risk of failure)
Confirm with . or Enter, or press ? or * to list all spells.
You erupt in a blast of force!
The mystic blast hits the bush.
The bush is lightly damaged.
Octavia avoids your attack.
The mystic blast hits the skyshark!
The skyshark is severely wounded.
You hear a trumpeting!
You hear an angry hiss.
Octavia hits the skyshark with a +0 flail!
The skyshark bites you!!
* * * LOW HITPOINT WARNING * * *
The skyshark enters a blood-rage!
The skyshark misses you. The skyshark tail-slaps you.
* * * LOW HITPOINT WARNING * * *
Casting: Iskenderun's Mystic Blast (dangerous; 3% risk of failure)
Confirm with . or Enter, or press ? or * to list all spells.
You erupt in a blast of force!
The mystic blast hits the bush.
The bush is lightly damaged.
Octavia avoids your attack.
The mystic blast hits the skyshark but does no damage.
The skyshark is almost dead.
You hear an angry hiss.
The skyshark bites you!!
You die...

##PP#.###†.#
#.........#
##..#.#####
#..##..### #
#.#####..##.##.#.
#..# #P.........
#..# ##.##.##..$
##.## #PlR###
#P..## ##@..#
##.#.# ##..##
#...####..##
#..####...## .##
##..#.##.#.#### ..
#............# .#
#######..P##.###.#
##.P##..#..##..#
#.###......#P.#


You could see the friendly Octavia the knight and a skyshark (berserk, ally
target).

Vanquished Creatures
  Fannar (Lair:1)
  Pikel (D:4)
  A cyclops (D:7)
  A manticore (D:9)
  3 elephants (Lair:4)
  3 black mambas
  Maggie (Lair:1)
  2 cane toads
  3 rime drakes
  Psyche (D:8)
  A komodo dragon (Lair:2)
  A polar bear (D:9)
  A hornet (D:9)
  4 blink frogs (Lair:1)
  Grinder (D:4)
  Prince Ribbit (D:8)
  A wraith (Ossuary)
  18 yaks
  A wyvern (Lair:4)
  Menkaure (D:4)
  A steam dragon (D:6)
  3 water moccasins
  3 black bears
  4 ice beasts
  2 orc warriors
  14 wolves
  4 centaurs
  A lemure (D:4)
  3 kobold brigands
  Blork the orc (D:5)
  6 bullfrogs
  3 scorpions
  A gnoll sergeant (D:9)
  7 wights
  30 killer bees (D:9)
  A jelly (D:6)
  4 howler monkeys
  11 hounds
  7 orc priests
  A sleepcap (D:6)
  2 gnoll boudas
  2 iguanas
  6 orc wizards
  A mummy (Ossuary)
  7 gnolls
  7 adders
  3 white imps
  5 worms
  6 dart slugs
  34 orcs
  7 bats
  12 endoplasms
  7 giant cockroaches
  7 hobgoblins
  7 quokkas
  10 ball pythons
  2 frilled lizards (D:1)
  6 gnoll skeletons (Ossuary)
  7 goblins
  19 kobolds
  6 kobold skeletons (Ossuary)
  13 orc skeletons (Ossuary)
  13 rats
  A fulminant prism (D:7)
344 creatures vanquished.

Vanquished Creatures (collateral kills)
  A cane toad (Lair:2)
  A queen bee (D:9)
  A slime creature (Lair:5)
  6 yaks
  A water moccasin (Lair:3)
  An orc warrior (D:9)
  4 wolves
  A kobold brigand (D:9)
  4 bullfrogs
  2 wights (D:9)
  3 killer bees (D:9)
  A howler monkey (D:6)
  A shadow imp (D:8)
  An orc (D:7)
28 creatures vanquished.

Vanquished Creatures (others)
  2 knights
  An ancestor (D:7)
  98 fulminant prisms
101 creatures vanquished.

Grand Total: 473 creatures vanquished

Notes
Turn   | Place    | Note
-------+----------+-------------------------------------------
     0 | D:1      | joshe the Deep Elf Conjurer began the quest for the Orb.
     0 | D:1      | Reached XP level 1. HP: 10/10 MP: 6/6
   211 | D:1      | Reached XP level 2. HP: 15/15 MP: 4/8
   214 | D:1      | Learned a level 2 spell: Searing Ray
   688 | D:1      | Reached skill level 4 in Spellcasting
   795 | D:1      | Reached skill level 5 in Conjurations
   795 | D:1      | Reached XP level 3. HP: 19/19 MP: 6/10
  1016 | D:1      | You fall into a shaft and drop 1 floor!
  1500 | D:2      | Found a white marble altar of Elyvilon.
  1927 | D:2      | Found Hohoidgh's Antique Armour Shop.
  1958 | D:2      | Reached XP level 4. HP: 24/24 MP: 6/12
  1963 | D:2      | Learned a level 4 spell: Fulminant Prism
  2131 | D:3      | Found a faded altar of an unknown god.
  2217 | D:3      | Reached skill level 5 in Spellcasting
  2399 | D:3      | Reached XP level 5. HP: 28/28 MP: 8/14
  2582 | D:3      | Found a glowing drain.
  2587 | Sewer    | Entered a sewer
  2991 | Sewer    | Reached skill level 5 in Hexes
  2991 | Sewer    | Reached XP level 6. HP: 27/32 MP: 7/15
  2996 | Sewer    | Learned a level 4 spell: Iskenderun's Mystic Blast
  3937 | D:4      | Found a sand-covered staircase.
  3963 | Ossuary  | Entered an ossuary
  3963 | Ossuary  | Noticed a wraith
  3963 | Ossuary  | Noticed a wraith
  3963 | Ossuary  | Noticed a wraith
  4471 | Ossuary  | Noticed a wraith
  4501 | Ossuary  | Killed a wraith
  4502 | Ossuary  | Reached XP level 7. HP: 28/36 MP: 6/17
  4707 | D:4      | Reached skill level 6 in Spellcasting
  4878 | D:4      | Reached skill level 1 in Translocations
  4900 | D:4      | Noticed Menkaure
  4906 | D:4      | Killed Menkaure
  4944 | D:4      | Noticed Grinder
  5009 | D:4      | Found a shimmering altar of Xom.
  5013 | D:4      | Noticed an angel
  5021 | D:4      | Found a glowing silver altar of Zin.
  5146 | D:4      | Noticed Pikel
  5155 | D:4      | Killed Pikel
  5156 | D:4      | Reached skill level 7 in Spellcasting
  5156 | D:4      | Reached XP level 8. HP: 41/41 MP: 8/20
  5343 | D:4      | Killed Grinder
  5344 | D:4      | Reached skill level 8 in Spellcasting
  5682 | D:5      | Entered Level 5 of the Dungeon
  5761 | D:5      | Noticed Blork the orc
  5765 | D:5      | Killed Blork the orc
  5766 | D:5      | Reached skill level 5 in Dodging
  6253 | D:5      | Found a staircase to the Ecumenical Temple.
  6282 | Temple   | Entered the Ecumenical Temple
  6341 | Temple   | Became a worshipper of Hepliaklqana the Forgotten
  6592 | D:6      | Reached XP level 9. HP: 45/45 MP: 15/23
  6807 | D:6      | Found an ornate altar of the Wu Jian Council.
  7053 | D:6      | Reached skill level 9 in Spellcasting
  7094 | D:6      | Reached * piety under Hepliaklqana
  7139 | D:6      | Reached skill level 1 in Invocations
  8183 | D:7      | Reached skill level 10 in Spellcasting
  8700 | D:7      | Noticed a cyclops
  8714 | D:7      | Killed a cyclops
  8715 | D:7      | Reached skill level 11 in Spellcasting
  8715 | D:7      | Reached skill level 5 in Invocations
  9008 | D:7      | Reached ** piety under Hepliaklqana
  9009 | D:7      | Remembered your ancestor Octavia as a knight
  9291 | D:8      | Noticed Psyche
  9297 | D:8      | Killed Psyche
  9298 | D:8      | Reached XP level 10. HP: 45/45 MP: 19/27
  9301 | D:8      | Reached skill level 12 in Spellcasting
  9504 | D:8      | Identified the +7 sling of Strategic Superiority {flame,
                  | rC+ Stlth+}
  9638 | D:8      | Noticed Prince Ribbit
  9641 | D:8      | Killed Prince Ribbit
  9699 | D:8      | Found Qaohycill's Weapon Emporium.
 10061 | D:9      | Reached skill level 1 in Ranged Weapons
 10065 | D:9      | Reached skill level 10 in Hexes
 10069 | D:9      | Reached skill level 13 in Spellcasting
 10315 | D:9      | Reached skill level 5 in Ranged Weapons
 10332 | D:9      | Noticed a manticore
 10565 | D:9      | Killed a manticore
 10730 | D:9      | Reached XP level 11. HP: 48/48 MP: 13/30
 11243 | D:9      | Found a staircase to the Lair.
 11440 | D:9      | Reached skill level 10 in Ranged Weapons
 11902 | Lair:1   | Entered Level 1 of the Lair of Beasts
 11916 | Lair:1   | Reached *** piety under Hepliaklqana
 11973 | Lair:1   | Noticed Fannar
 11986 | Lair:1   | Killed Fannar
 11987 | Lair:1   | Reached skill level 5 in Translocations
 12656 | Lair:1   | Reached skill level 10 in Dodging
 12809 | Lair:1   | Identified the +3 leather armour of Fiufut {Rampage rF+
                  | Slay+6 Stlth+}
 12859 | Lair:1   | Noticed Maggie
 12867 | Lair:1   | Killed Maggie
 13281 | Lair:2   | Found a staircase to the Snake Pit.
 13299 | Lair:2   | Reached skill level 1 in Evocations
 13320 | Lair:2   | Reached skill level 1 in Armour
 13589 | Lair:2   | Reached XP level 12. HP: 53/53 MP: 27/31
 13681 | Lair:2   | Reached **** piety under Hepliaklqana
 14551 | Lair:3   | Found a staircase to the Shoals.
 14643 | Lair:3   | Found a runed translucent door.
 14643 | Lair:3   | Found a shimmering altar of Xom.
 14643 | Lair:3   | Noticed Edyrem's ghost (journeyman KoGl)
 14735 | Lair:3   | You fall into a shaft and drop 2 floors!
 14735 | Lair:5   | Entered Level 5 of the Lair of Beasts
 14740 | Lair:5   | Found a staircase to the Slime Pits.
 14740 | Lair:5   | Found a viscous altar of Jiyva.
 14854 | Lair:4   | Reached ***** piety under Hepliaklqana
 14955 | Lair:4   | Demolished by a skyshark

Illustrated notes

Levels and vault maps discovered:
D:1:      nzn_arrival_depleted_hourglass, layout_basic, minmay_pentomino_x4
D:2:      layout_basic, serial_shops, shop, basic_altar, feat_on_display
D:3:      layout_loops_cross, gup_sewer_entry_spiral,
          nicolae_ecumenical_oubliette
D:4:      layout_cave_pools, grunt_temple_overflow_order_and_chaos_1,
          nicolae_ossuary_entry_false_entrances, uniq_menkaure, uniq_grinder,
          uniq_pikel
D:5:      layout_cave_pools, minmay_temple_entry_mist, uniq_blork_the_orc
D:6:      wad_pebble_path, layout_loops_corners, minmay_ruined_shrine
D:7:      layout_loops_corners
D:8:      layout_rooms, serial_shops, shop, uniq_psyche, uniq_prince_ribbit1
D:9:      layout_roguey [special_room_bee], hellmonk_lair_entry_icy
Temple:   nicolae_temple_bog_church
Lair:1:   layout_hall_layers, grunt_megastairs_4, uniq_maggie, uniq_fannar
Lair:2:   statuecave_lemuel, layout_small_grid, dummy_snake_entry
Lair:3:   layout_chaotic_city, elwin_shoals_entry_rocks, ebering_ghost_xom,
          serial_bayou_shore_b
Lair:4:   layout_loops_ring, enter_volcano_3, st_stairs_7, grunt_megastairs_2
Lair:5:   due_jungle_book, layout_cellular_growth, minmay_slime_entry_pillars,
          nicolae_quartered_pool_super, serial_bayou_lake_a

Skill      XL: |  1  2  3  4  5  6  7  8  9 10 11 12 |
---------------+-------------------------------------+-----
Spellcasting   | 4 5 7 8 11 13 | 13.3
Conjurations   | 5 6 7 8 |  8.0
Hexes          | 2 5 7 8 9 10 | 10.0
Dodging        | 3 4 5 6 10 | 10.0
Translocations | 4 6 |  6.0
Invocations    | 5 |  5.0
Ranged Weapons | 8 10 11 | 11.9
Evocations     | 1 4 |  4.0
Armour         | 1 3 |  3.0
Stealth        | 3 4 |  4.0

Action                     |  1- 3 |  4- 6 |  7- 9 | 10-12 || total
---------------------------+-------+-------+-------+-------++-------
   Fire: Sling             |       |       |       |   189 ||   189
   Cast: Magic Dart        |    74 |   100 |    99 |    12 ||   285
         Searing Ray       |     3 |    17 |    27 |    40 ||    87
         Fulminant Prism   |       |     6 |    43 |    50 ||    99
         Iskenderun's Myst |       |       |     4 |    31 ||    35
 Invoke: Ancestor Life: Kn |       |       |     1 |       ||     1
         Recall Ancestor   |       |       |       |     2 ||     2
  Evoke: Wand              |       |       |     1 |       ||     1
    Use: Scroll            |       |     1 |     8 |     4 ||    13
         Potion            |       |       |       |     3 ||     3
 Armour: Robe              |       |     1 |     2 |     1 ||     4
         Leather armour    |       |       |       |     2 ||     2
  Dodge: Dodged            |     2 |    11 |    22 |    51 ||    86
         Repelled          |       |     1 |       |     2 ||     3
